AoeStats
← dashygo

Black Forest

504171304Analyzed
2v2 RM · 27d ago on Sep 4, 2026· 22m 36s· 4 players
Game mode
Random Map
Map size
Medium (4 player)
Population
200
Speed
Normal
Resources
Standard
Victory
Conquest
Starting age
Dark Age
Ending age
Imperial Age
RankedLock teamsTeams togetherTeam positionsShared explorationLock speedFull tech treeHidden civsTurbo modeCheats
Victory
Defeat
🇹🇼 Spanish · Taiwan
947
+16
🇹🇼 Celts · Taiwan
935
+16
🇩🇪 Mapuche · Germany
949
-16
🇪🇸 Khmer · Spain
937
-37
ellocolucio
12:22 Feudal Age
14:26 Wheelbarrow
16:44 Stone Mining
19:16 Double-Bit Axe
Shark
1:29 Loom
身上必須帶刺
0:56 Loom
12:41 Feudal Age
18:29 Castle Age
17:25 Double-Bit Axe
19:14 Gold Mining
dashygo
1:54 Loom
13:54 Feudal Age
18:19 Castle Age
16:12 Horse Collar
16:21 Double-Bit Axe
19:09 Heavy Plow
Connection lost

Rejoining the realm…

Still unreachable

The connection could not be restored.

Session expired

The server has moved on; the page needs a fresh start.